 Dungeon Crawl Stone Soup version 0.25-a0-479-g8579842fd4 (webtiles) character file.

Game seed: 7825753466992928237, levelgen mode: deterministic

2327 Eurus the Magician (level 9, -15/57 HPs)
             Began as a Mummy Conjurer on Feb 9, 2020.
             Demolished by a two-headed ogre
             ... wielding a +0 giant club
              (24 damage)
             ... on level 7 of the Dungeon.
             The game lasted 00:27:50 (10244 turns).

Eurus the Magician (Mummy Conjurer)                Turns: 10244, Time: 00:27:50

Health: -15/57     AC:  5    Str: 11    XL:     9   Next: 19%
Magic:  13/20      EV: 10    Int: 17    God:
Gold:   304        SH: 10    Dex: 13    Spells: 16/23 levels left

rFire    . . .     SeeInvis .   u - +3 hand axe (vorpal)
rCold    . . .     Gourm    .   b - +1 shield
rNeg     + + +     Faith    .   l - +1 leather armour {rPois}
rPois    ∞         Spirit   .   (no helmet)
rElec    .         Reflect  .   o - +0 cloak
rCorr    .         Harm     .   (no gloves)
MR       +....                  (no boots)
Stlth    ++........             (no amulet)
HPRegen  0.19/turn              f - ring of fire
MPRegen  0.17/turn              (no ring)

@: very slightly contaminated
A: no food or potions, fire vulnerability, cold resistance 1, negative energy
resistance 3, torment resistance, unbreathing
a: no special abilities


You were on level 7 of the Dungeon.
You were not hungry.

You visited 2 branches of the dungeon, and saw 9 of its levels.
You also visited: Sewer and Ossuary.

You collected 304 gold pieces.

Inventory:

Hand Weapons
 u - a +3 vorpal hand axe (weapon)
Armour
 b - a +1 shield (worn)
 l - a +1 leather armour of poison resistance (worn)
 o - a +0 cloak (worn)
 t - a +2 hat of magic resistance
Magical Staves
 a - an uncursed staff of fire
Jewellery
 f - a ring of fire (left hand)
Wands
 n - a wand of polymorph (14)
 p - a wand of scattershot (6)
 s - a wand of random effects (15)
Scrolls
 c - a scroll of silence
 d - a scroll of fear
 e - 3 scrolls of identify
 g - 2 scrolls of enchant weapon
 h - 3 scrolls of remove curse
 i - a scroll of teleportation
 j - a scroll of blinking
 k - 2 scrolls of fog
 m - a scroll of magic mapping
 q - 2 scrolls of enchant armour
 r - a scroll of immolation {unknown}


   Skills:
 - Level 0.2 Fighting
 + Level 3.1 Armour
 - Level 1.5 Dodging
 - Level 1.5 Stealth
 + Level 6.2 Shields
 + Level 7.8 Spellcasting
 + Level 6.1 Conjurations
 + Level 0.3 Translocations


You had 16 spell levels left.
You knew the following spells:

 Your Spells              Type           Power        Failure   Level  Hunger
a - Magic Dart            Conj           ####         3%          1    N/A
b - Searing Ray           Conj           ####..       5%          2    N/A
c - Iskenderun's Mystic   Conj/Tloc      ###.....     75%         4    N/A

Your spell library contained the following spells:

 Spells                   Type           Power        Failure   Level  Hunger
 Dazzling Flash           Conj/Hex       ###...       36%         3    N/A
 Gell's Gravitas          Tloc           #.........   75%         3    N/A
 Fulminant Prism          Conj/Hex       ###.......   77%         4    N/A
 Confusing Touch          Hex            #.......     78%         3    N/A
 Petrify                  Tmut/Erth      #.......     99%         4    N/A
 Metabolic Englaciation   Hex/Ice        #.........   100%        5    N/A
 Yara's Violent Unravell  Hex/Tmut       #.........   100%        5    N/A

Dungeon Overview and Level Annotations

Branches:
Dungeon (8/15)             Temple (1/1) D:4           Sewer (visited)
Ossuary (visited)
   Lair: D:8-11

Altars:
Ashenzari
Cheibriados
Dithmenos
Elyvilon
Fedhas
Gozag
Hepliaklqana
Kikubaaqudgha
Makhleb
Nemelex Xobeh
Okawaru
Qazlal
Ru
Sif Muna
Trog
Uskayaw
Vehumet
Wu Jian
Xom
Yredelemnul
Zin
The Shining One

Shops:
D:4 *   D:5 %

Annotations:
D:3 3 runed translucent doors, Gargoyl's ghost, amateur CeAK


Innate Abilities, Weirdness & Mutations

You do not eat or drink.
Your flesh is vulnerable to fire.
You are immune to poison.
Your flesh is cold resistant. (rC+)
You are immune to negative energy. (rN+++)
You are immune to unholy pain and torment.
You can survive without breathing.


Message History

The two-headed ogre is moderately wounded.
The searing ray hits the two-headed ogre!
The two-headed ogre is moderately wounded.
The searing ray hits the two-headed ogre!
The two-headed ogre is heavily wounded.
You finish channeling your searing ray.
The two-headed ogre hits you with a +0 giant club!
The two-headed ogre hits you with a +0 giant spiked club!
Casting: Searing Ray (safe; 5% risk of failure)
Confirm with . or Enter, or press ? or * to list all spells.
Aiming: Searing Ray (safe; 5% risk of failure)
Press: ? - help, Shift-Dir - straight line, f/p - two-headed ogre
Aim: a two-headed ogre, wielding a +0 giant club and a +0 giant spiked club (heavily wounded)
You miscast Searing Ray.
You are very lightly contaminated with residual magic.
You feel a strange surge of energy! You block the two-headed ogre's attack.
The two-headed ogre hits you with a +0 giant spiked club!!
* * * LOW HITPOINT WARNING * * *
The two-headed ogre hits you with a +0 giant club!!
You die...

# #..# #. #..# # #.## #..# #
...##..#### ### #........ #..
#.##.....# #.# #.......# #.#
#O# #.. #.# #@# #.# #.# #.# ###
##.# #.# ##'## #....####... #.#
##...## #.##......_. #.####
##.....###.####.##... #.##.##
##.......##....# ##.#
#.#...####.........#..#.#.###.#
#........'.........'....#.....#
#.#...####........†#..#.#####.#


You could see a two-headed ogre.

Vanquished Creatures
  Menkaure (Ossuary)
  Duvessa (D:5)
  2 orc warriors
  A necrophage (D:6)
  3 ogres
  A big kobold (D:7)
  4 bullfrogs
  3 scorpions
  Dowan (D:5)
  A howler monkey (D:4)
  A crimson imp (D:4)
  A gnoll shaman (D:6)
  2 hounds
  2 orc priests
  A bullfrog skeleton (D:4)
  A jelly (D:6)
  2 iguanas
  5 orc wizards
  5 worker ants
  2 hound skeletons (D:5)
  3 mummies (Ossuary)
  12 adders
  6 gnolls
  A howler monkey skeleton (D:5)
  12 oozes (Sewer)
  6 worms
  2 dart slugs (D:2)
  8 leopard geckos
  8 orcs
  7 bats
  15 giant cockroaches
  4 hobgoblins
  8 jackals
  3 quokkas
  6 ball pythons
  17 frilled lizards
  5 gnoll skeletons (Ossuary)
  4 gnoll zombies (Ossuary)
  9 goblins
  5 goblin skeletons (Ossuary)
  3 goblin zombies (Ossuary)
  4 hobgoblin skeletons (Ossuary)
  A hobgoblin zombie (Ossuary)
  A jackal skeleton (D:7)
  10 kobolds
  4 kobold skeletons (Ossuary)
  6 kobold zombies (Ossuary)
  4 orc skeletons (Ossuary)
  2 orc zombies (Ossuary)
  4 rats
  2 rat skeletons (Ossuary)
  7 rat zombies (Ossuary)
229 creatures vanquished.

Vanquished Creatures (others)
  A kobold zombie (Ossuary)
  An orc skeleton (Ossuary)
  An orc zombie (Ossuary)
3 creatures vanquished.

Grand Total: 232 creatures vanquished

Notes
Turn   | Place    | Note
-------+----------+-------------------------------------------
     0 | D:1      | Eurus the Mummy Conjurer began the quest for the Orb.
     0 | D:1      | Reached XP level 1. HP: 13/13 MP: 4/4
   380 | D:1      | Reached XP level 2. HP: 19/19 MP: 1/5
   847 | D:1      | Reached skill level 3 in Spellcasting
  1003 | D:1      | Learned a level 2 spell: Searing Ray
  1188 | D:2      | Reached skill level 1 in Shields
  1330 | D:2      | Reached XP level 3. HP: 24/24 MP: 4/7
  2103 | D:2      | Reached XP level 4. HP: 24/30 MP: 4/9
  2580 | D:3      | Reached XP level 5. HP: 35/35 MP: 6/10
  2658 | D:3      | Reached skill level 4 in Spellcasting
  2844 | D:3      | Found a runed translucent gate.
  2845 | D:3      | Found a runed translucent gate.
  2846 | D:3      | Found a runed translucent gate.
  2848 | D:3      | Noticed Gargoyl's ghost (amateur CeAK)
  3270 | D:3      | Learned a level 4 spell: Iskenderun's Mystic Blast
  3277 | D:3      | Found a burning altar of Makhleb.
  3277 | D:3      | Noticed an Executioner
  3282 | D:3      | Noticed a ynoxinul
  3282 | D:3      | Noticed a hellwing
  3320 | D:4      | Noticed an ogre
  3496 | D:4      | Noticed an ogre
  3501 | D:4      | Killed an ogre
  3501 | D:4      | Reached XP level 6. HP: 41/41 MP: 6/12
  3675 | D:4      | Found Irheroh's Assorted Antiques.
  3882 | D:4      | Found a staircase to the Ecumenical Temple.
  3891 | Temple   | Entered the Ecumenical Temple
  4039 | D:4      | Reached skill level 5 in Spellcasting
  4311 | D:4      | Reached XP level 7. HP: 37/46 MP: 9/14
  4661 | D:5      | Entered Level 5 of the Dungeon
  4725 | D:5      | Found Cisanuc's Food Emporium.
  4842 | D:5      | Found a sand-covered staircase.
  4847 | Ossuary  | Entered an ossuary
  5687 | Ossuary  | Noticed Menkaure
  5703 | Ossuary  | Killed Menkaure
  6373 | D:5      | Found a snail-covered altar of Cheibriados.
  6453 | D:5      | Noticed Dowan
  6462 | D:5      | Noticed Duvessa
  6463 | D:5      | Killed Dowan
  6463 | D:5      | Reached skill level 5 in Shields
  6463 | D:5      | Reached skill level 6 in Spellcasting
  6463 | D:5      | Reached skill level 5 in Conjurations
  6532 | D:5      | Killed Duvessa
  6532 | D:5      | Reached XP level 8. HP: 14/52 MP: 5/17
  7288 | D:6      | Found a glowing drain.
  7345 | Sewer    | Entered a sewer
  7437 | Sewer    | Reached skill level 1 in Armour
  8278 | D:6      | Found a hazy altar of Hepliaklqana.
  8413 | D:6      | Reached skill level 7 in Spellcasting
  9475 | D:7      | Reached XP level 9. HP: 56/57 MP: 11/20
  9704 | D:7      | Found an iron altar of Okawaru.
  9705 | D:7      | Found a glowing silver altar of Zin.
  9708 | D:7      | Found a sparkling altar of Nemelex Xobeh.
  9709 | D:7      | Found a bloodstained altar of Trog.
  9734 | D:7      | Noticed a two-headed ogre
  9965 | D:7      | Found an ancient bone altar of Kikubaaqudgha.
 10113 | D:7      | Found a shattered altar of Ashenzari.
 10244 | D:7      | Demolished by a two-headed ogre

Levels and vault maps discovered:
D:1:      ncdulo_smallfort, layout_basic
D:2:      layout_basic
D:3:      layout_loops_ring, makhleb_altar_promises_db,
          ebering_ghost_rock_garden, first_ration,
          hangedman_abyss_or_decor_lesser_grid
D:4:      layout_loops_ring, minmay_temple_entry_arrows, serial_shops,
          nicolae_shop_crystal
D:5:      layout_cave_pods, cheibriados_altar_1,
          nicolae_ossuary_entry_false_entrances, serial_shops,
          nicolae_shop_crystal, uniq_duvessa
D:6:      layout_basic, basic_altar, portal_sewer_entry_b, feat_on_display
D:7:      layout_loops_corners, nicolae_overflow_crystal_walls,
          nicolae_overflow_hidden_temple, minitemple
D:8:      layout_loops_ring, gammafunk_ghost_icy
Temple:   nicolae_temple_great_sept

Skill      XL: |  1  2  3  4  5  6  7  8  9 |
---------------+----------------------------+-----
Spellcasting   | 3 4 5 6 7 |  7.8
Shields        | 1 2 3 4 5 6 |  6.2
Conjurations   | 4 5 6 |  6.1
Armour         | 2 3 |  3.1
Fighting       | |  0.2
Dodging        | |  1.5
Stealth        | |  1.5
Translocations | |  0.3

Action                   |  1- 3 |  4- 6 |  7- 9 || total
-------------------------+-------+-------+-------++-------
Melee: Unarmed           |     5 |       |       ||     5
       Dagger            |    34 |    48 |     6 ||    88
       Hand axe          |       |       |   193 ||   193
 Cast: Magic Dart        |    58 |    39 |    72 ||   169
       Searing Ray       |     4 |    20 |    47 ||    71
  Use: Scroll            |       |       |    14 ||    14
 Stab: Sleeping          |       |     1 |     1 ||     2
Armor: Robe              |     7 |    20 |     2 ||    29
       Leather armour    |       |       |    71 ||    71
Dodge: Dodged            |    51 |    49 |   146 ||   246
Block: Shield            |       |       |     5 ||     5

Table legend:
 A = Non-vault XP
 B = Vault XP
 C = Vault XP percentage of total XP
 D = Non-vault monster count
 E = Vault monster count
 F = Vault count percentage of total count
                 A         B        C        D         E       F
            +---------+---------+-------+---------+---------+-------
      Total |    2475 |     850 |  25.6 |     123 |     108 |  46.8
            +---------+---------+-------+---------+---------+-------
        D:1 |      22 |       0 |   0.0 |      14 |       0 |   0.0
        D:2 |      77 |       0 |   0.0 |      20 |       0 |   0.0
        D:3 |     140 |       0 |   0.0 |      20 |       0 |   0.0
        D:4 |     548 |       0 |   0.0 |      19 |       0 |   0.0
        D:5 |     211 |     211 |  50.0 |      11 |       2 |  15.4
        D:6 |     717 |       9 |   1.2 |      16 |       4 |  20.0
        D:7 |     754 |       0 |   0.0 |      21 |       0 |   0.0
        D:8 |       6 |       0 |   0.0 |       2 |       0 |   0.0
      Sewer |       0 |     355 | 100.0 |       0 |      49 | 100.0
    Ossuary |       0 |     275 | 100.0 |       0 |      53 | 100.0
            +---------+---------+-------+---------+---------+-------
